 Dungeon Crawl Stone Soup version 0.23-a0-539-g3f6f39f (webtiles) character file.

36188 pmoppi the Severer (level 13, -2/119 HPs)
             Began as a Hill Orc Monk on Dec 7, 2018.
             Was an Elder of Qazlal.
             Slain by a soldier ant (12 damage)
             ... on level 5 of the Lair of Beasts.
             The game lasted 00:41:11 (19286 turns).

pmoppi the Severer (Hill Orc Monk)                 Turns: 19286, Time: 00:41:12

Health: -2/119     AC:  2    Str: 19    XL:     13   Next: 88%
Magic:  15/21      EV:  5    Int: 10    God:    Qazlal [****..]
Gold:   851        SH: 28    Dex: 13    Spells: 12/12 levels left

rFire    . . .     SeeInvis .   a - +0 war axe (venom)
rCold    + . .     Gourm    .   w - +0 large shield
rNeg     . . .     Faith    .   M - +3 chain mail
rPois    .         Spirit   .   u - +0 helmet
rElec    .         Reflect  +   r - +0 cloak {+Inv}
rCorr    .         Harm     .   R - +2 pair of gloves
MR       .....                  (no boots)
Stlth    ..........             o - +5 amulet of reflection
HPRegen  0.29/turn              E - ring of protection from cold
MPRegen  0.17/turn              (no ring)

@: lethally poisoned (-2 -> -17), about to teleport, corroded, repel missiles
A: no striking features
a: Upheaval, Elemental Force, Renounce Religion, Evoke Invisibility


You were on level 5 of the Lair of Beasts.
You worshipped Qazlal.
Qazlal was greatly pleased with you.
You were very hungry.

You visited 2 branches of the dungeon, and saw 16 of its levels.

You collected 1012 gold pieces.
You spent 161 gold pieces at shops.

Inventory:

Hand Weapons
 a - a +0 war axe of venom (weapon)
 b - a +1 hunting sling of flaming
Missiles
 f - 336 stones (quivered)
 s - 110 sling bullets
Armour
 r - a +0 cloak of invisibility (worn)
 u - a +0 helmet (worn)
 w - a +0 large shield (worn)
 M - a +3 chain mail (worn)
 R - a +2 pair of gloves (worn)
Magical Staves
 A - an uncursed staff of death
Jewellery
 o - a +5 amulet of reflection (around neck)
 C - an uncursed ring of stealth
 E - a ring of protection from cold (left hand)
Wands
 t - a wand of scattershot (1)
 z - a wand of enslavement (28)
 B - a wand of acid (4)
 D - a wand of digging (4)
 F - a wand of clouds (6)
 G - a wand of polymorph (10)
 I - a wand of paralysis (19)
 Q - a wand of flame (23)
Scrolls
 g - 10 scrolls of teleportation
 k - 5 scrolls of remove curse
 p - 2 scrolls of enchant armour
 v - 4 scrolls of blinking
 y - a scroll of immolation {unknown}
 J - a scroll of magic mapping
 K - a scroll of noise {unknown}
 L - 2 scrolls of enchant weapon
 N - 3 scrolls of identify
Potions
 d - a potion of flight {unknown}
 e - 3 potions of might
 h - 2 potions of curing
 i - a potion of heal wounds
 j - a potion of haste
 l - a potion of berserk rage
 m - a potion of brilliance {unknown}
 n - a potion of resistance {unknown}
 q - a potion of agility {unknown}
 x - a potion of cancellation {unknown}
 H - 2 potions of invisibility
 O - a potion of lignification {unknown}
 P - a potion of ambrosia {unknown}
Comestibles
 c - 16 rations


   Skills:
 + Level 12.4 Fighting
 * Level 17.9 Axes
 - Level 5.0 Armour
 - Level 2.4 Dodging
 - Level 1.5 Stealth
 + Level 10.8 Shields
 + Level 11.8 Invocations
 - Level 6.0 Evocations


You had 12 spell levels left.
You didn't know any spells.
Your spell library contained the following spells:

 Spells                   Type           Power        Failure   Level  Hunger
 Animate Skeleton         Necr           N/A          100%        1    ##.....
 Apportation              Tloc           #.....       100%        1    ##.....
 Confusing Touch          Hex            #.....       100%        1    ##.....
 Sandblast                Erth           #.....       100%        1    ##.....
 Shock                    Conj/Air       #...         100%        1    ##.....
 Summon Small Mammal      Summ           #...         100%        1    ##.....
 Passwall                 Tmut/Erth      #.......     100%        2    ###....
 Swiftness                Chrm/Air       #.......     100%        2    ###....
 Static Discharge         Conj/Air       #.......     100%        3    ####...
 Stone Arrow              Conj/Erth      #.....       100%        3    ####...
 Airstrike                Air            #.........   100%        4    #####..
 Cause Fear               Hex            #.........   100%        4    #####..
 Petrify                  Tmut/Erth      #.......     100%        4    #####..
 Lee's Rapid Deconstruct  Erth           #.........   100%        5    ######.
 Lightning Bolt           Conj/Air       #.........   100%        5    ######.
 Silence                  Hex/Air        #.........   100%        5    ######.
 Yara's Violent Unravell  Hex/Tmut       #.........   100%        5    ######.
 Deflect Missiles         Chrm/Air       #.........   100%        6    #######
 Discord                  Hex            #.........   100%        8    #######


Dungeon Overview and Level Annotations

Branches:
Dungeon (11/15)            Temple (0/1) D:7            Lair (5/6) D:11
 Shoals (0/4) Lair:2       Spider (0/4) Lair:2          Orc (0/2) D:11
  Slime: Lair:5-6

Altars:
Dithmenos
Elyvilon
Fedhas
Kikubaaqudgha
Qazlal
Ru
The Shining One
Beogh

Shops:
D:4 [   D:5 ?[[(   D:6 *


Message History

The plant is destroyed!
Something stings the fungus.
You block the soldier ant's attack. You block the entropy weaver's attack.
The entropy weaver hits you!
* * * LOW HITPOINT WARNING * * *
You block the entropy weaver's attack. The entropy weaver hits you.
* * * LOW HITPOINT WARNING * * *
The soldier ant stings you!
* * * LOW HITPOINT WARNING * * *
The soldier ant stings you!
* * * LOW HITPOINT WARNING * * *
You feel much better.
You feel sick.
You kill the soldier ant!
Qazlal accepts your kill.
The worker ant is engulfed in freezing vapours.
The entropy weaver closely misses you. You block the entropy weaver's attack.
The entropy weaver hits you!
* * * LOW HITPOINT WARNING * * *
A soldier ant comes into view.
The soldier ant stings you!
You die...

#....###.<..#..P
#%...#P......P..
.##.#........#....
...+..#.......##.P
.............###..
..................
....≈..$.§§§......
....$....§.a......
.........a@a......
........†a.aa#.P..
.#####..†§.a#a#...
###..a###.a ##>..
... #..P† ..
..PP)a . ..a...a
...P..#a


You could see 2 entropy weavers, 8 soldier ants and a worker ant.

Vanquished Creatures
  Gastronok (D:11)
  A dire elephant (Lair:2)
  3 hydras
  Erolcha (D:9)
  5 death yaks
  Sonja (D:11)
  Pikel (D:4)
  Joseph (D:7)
  2 black mambas (Lair:2)
  Psyche (D:10)
  14 elephants
  10 spiny frogs
  A rime drake (Lair:3)
  7 komodo dragons
  3 merfolk (Lair:2)
  A troll (D:11)
  A polar bear (Lair:4)
  5 hippogriffs
  A vampire (D:11)
  A spriggan (Lair:2)
  A redback (Lair:2)
  21 yaks
  5 wyverns
  Edmund (D:5)
  8 water moccasins
  9 soldier ants (Lair:5)
  10 porcupines
  Duvessa (D:5)
  2 black bears (D:11)
  11 orc warriors
  4 sky beasts
  2 ice beasts
  2 slaves
  5 wolves (Lair:3)
  4 ogres
  2 centaurs
  12 crocodiles
  A big kobold (D:11)
  12 bullfrogs
  A wyvern skeleton (D:9)
  5 scorpions
  Dowan (D:5)
  4 killer bees
  8 wights
  2 electric eels (Lair:3)
  A howler monkey (D:4)
  4 crimson imps
  A centaur zombie (D:7)
  5 hounds
  7 orc priests
  A centaur skeleton (D:11)
  15 orc wizards
  2 bullfrog skeletons (D:7)
  An iguana (D:4)
  6 worker ants
  A hound skeleton (D:4)
  A worker ant zombie (D:6)
  13 adders
  2 shadow imps
  An adder skeleton (D:5)
  2 worms
  3 dart slugs
  2 leopard geckos
  56 orcs
  A ball python (D:3)
  5 bats
  7 giant cockroaches
  10 goblins
  9 hobgoblins
  5 jackals (D:1)
  10 kobolds
  3 quokkas
  4 frilled lizards
  2 jackal zombies
  A leopard gecko skeleton (D:3)
  2 quokka skeletons
  5 rats
383 creatures vanquished.

Vanquished Creatures (others)
  An ogre (D:8)
  3 centaurs
  A bullfrog (D:5)
  2 adders
  An orc (D:11)
  67 fungi
  37 plants
112 creatures vanquished.

Grand Total: 495 creatures vanquished

Notes
Turn   | Place    | Note
-------+----------+-------------------------------------------
     0 | D:1      | pmoppi the Hill Orc Monk began the quest for the Orb.
     0 | D:1      | Reached XP level 1. HP: 19/19 MP: 1/1
   181 | D:1      | Reached XP level 2. HP: 27/27 MP: 2/2
   415 | D:1      | Reached skill level 1 in Armour
   540 | D:1      | Reached XP level 3. HP: 29/33 MP: 3/3
   676 | D:1      | Reached skill level 5 in Axes
  1220 | D:2      | Found a glowing golden altar of the Shining One.
  1491 | D:2      | Reached XP level 4. HP: 40/40 MP: 4/4
  2660 | D:3      | Reached XP level 5. HP: 47/47 MP: 5/5
  2679 | D:3      | Reached skill level 6 in Axes
  3500 | D:4      | Reached skill level 5 in Fighting
  3524 | D:4      | Found Ewka's Antique Armour Shoppe.
  3795 | D:4      | Reached XP level 6. HP: 56/56 MP: 6/6
  3972 | D:4      | Reached skill level 7 in Axes
  4046 | D:4      | Found a roughly hewn altar of Beogh.
  4180 | D:5      | Entered Level 5 of the Dungeon
  4185 | D:5      | Noticed a sky beast
  4190 | D:5      | Reached skill level 1 in Shields
  4303 | D:4      | Killed a sky beast
  4303 | D:4      | Reached XP level 7. HP: 18/61 MP: 7/7
  4544 | D:5      | Noticed Pikel
  4909 | D:4      | Killed Pikel
  4909 | D:4      | Reached skill level 8 in Axes
  4909 | D:4      | Reached XP level 8. HP: 17/70 MP: 8/8
  5306 | D:4      | Reached skill level 9 in Axes
  5410 | D:5      | Found a stormy altar of Qazlal.
  5411 | D:5      | Found an ancient bone altar of Kikubaaqudgha.
  5415 | D:5      | Found a white marble altar of Elyvilon.
  5425 | D:5      | Found a shadowy altar of Dithmenos.
  5426 | D:5      | Found a blossoming altar of Fedhas.
  5428 | D:5      | Became a worshipper of Qazlal Stormbringer
  5428 | D:5      | Reached * piety under Qazlal
  5428 | D:5      | Reached ** piety under Qazlal
  5563 | D:5      | Noticed Duvessa
  5563 | D:5      | Noticed Dowan
  5866 | D:5      | Found Diroagg's Weapon Shoppe.
  6010 | D:5      | Found Haopp's Armour Boutique.
  6032 | D:5      | Bought a +0 cloak of invisibility for 161 gold pieces
  6072 | D:5      | Noticed Edmund
  6116 | D:5      | Killed Edmund
  6116 | D:5      | Reached skill level 1 in Invocations
  6342 | D:5      | Killed Dowan
  6354 | D:5      | Killed Duvessa
  6354 | D:5      | Reached skill level 5 in Armour
  6354 | D:5      | Reached skill level 1 in Evocations
  6536 | D:5      | Found Opleg's Magic Scroll Shoppe.
  6606 | D:5      | Found Fumosh's Antique Armour Boutique.
  6881 | D:6      | Reached skill level 10 in Axes
  6981 | D:6      | Found a sacrificial altar of Ru.
  7113 | D:6      | Reached XP level 9. HP: 73/79 MP: 10/10
  7446 | D:6      | Found Negutagy's Assorted Antiques.
  7755 | D:7      | Found a staircase to the Ecumenical Temple.
  7842 | D:7      | Noticed Joseph
  8437 | D:7      | Reached *** piety under Qazlal
  8437 | D:7      | Reached skill level 5 in Shields
  8484 | D:7      | Reached skill level 11 in Axes
  8654 | D:8      | Noticed a five-headed hydra
  9234 | D:8      | Reached XP level 10. HP: 68/88 MP: 13/13
  9732 | D:8      | Reached skill level 5 in Invocations
 10004 | D:8      | Killed a five-headed hydra
 10004 | D:8      | Reached skill level 12 in Axes
 10205 | D:7      | Killed Joseph
 10559 | D:9      | Noticed Erolcha
 10570 | D:9      | Killed Erolcha
 11058 | D:10     | Entered Level 10 of the Dungeon
 11108 | D:9      | Reached skill level 13 in Axes
 11324 | D:10     | Reached skill level 5 in Evocations
 11339 | D:10     | Reached XP level 11. HP: 87/97 MP: 16/16
 11340 | D:10     | Reached **** piety under Qazlal
 11794 | D:11     | Noticed Psyche
 11801 | D:10     | Killed Psyche
 12147 | D:11     | Found a staircase to the Orcish Mines.
 12516 | D:11     | Identified the +1 leather armour "Fiacitim" {rC+}
 12798 | D:11     | Noticed Gastronok
 12821 | D:11     | Killed Gastronok
 12821 | D:11     | Reached skill level 14 in Axes
 12902 | D:11     | Noticed Sonja
 12924 | D:11     | Noticed a four-headed hydra
 12930 | D:11     | Killed a four-headed hydra
 12951 | D:11     | Found a staircase to the Lair.
 13036 | D:11     | Killed Sonja
 13036 | D:11     | Reached skill level 10 in Fighting
 13415 | Lair:1   | Entered Level 1 of the Lair of Beasts
 13592 | Lair:1   | Reached XP level 12. HP: 106/106 MP: 18/18
 13973 | Lair:1   | Reached skill level 15 in Axes
 14127 | Lair:1   | Noticed a death yak
 14166 | Lair:1   | Killed a death yak
 15164 | Lair:1   | Got a dazzling hunting sling
 15165 | Lair:1   | Identified the +3 hunting sling of Okawaru's Esteem {speed,
                  | *Drain rC+ Dex+5} (You found it on level 1 of the Lair of
                  | Beasts)
 15231 | Lair:2   | Reached ***** piety under Qazlal
 15307 | Lair:2   | Found a hole to the Spider Nest.
 15579 | Lair:2   | Reached skill level 10 in Invocations
 15586 | Lair:2   | Reached skill level 16 in Axes
 15642 | Lair:2   | Noticed a dire elephant
 15657 | Lair:2   | Killed a dire elephant
 15670 | Lair:2   | Reached XP level 13. HP: 76/116 MP: 14/20
 15962 | Lair:2   | Found a staircase to the Shoals.
 16677 | Lair:3   | Reached skill level 10 in Shields
 16924 | Lair:3   | Reached skill level 17 in Axes
 19273 | Lair:5   | Noticed an entropy weaver
 19280 | Lair:5   | Noticed an entropy weaver
 19286 | Lair:5   | Slain by a soldier ant

Vault maps used:
D:1:      ncdulo_watergridlock, serial_glass, glass_columns_a, glass_columns_b,
          chequers_garden, st_stairs_3, minmay_tromino_v2
D:2:      tso_metal_star
D:3:      first_ration
D:4:      serial_shops, nicolae_shop_window_shopping,
          minmay_large_rounded_square, kennysheep_orc_chapel
D:5:      grunt_temple_overflow_open, serial_shops, shop, kennysheep_mini_moat,
          shop, shop, roderic_malta_cross, minmay_misc_feat_hallway,
          uniq_edmund, uniq_duvessa, uniq_pikel
D:6:      serial_shops, shop, nicolae_ru_the_path_less_chosen
D:7:      minmay_temple_entry_sparse_star, uniq_joseph
D:8:      serial_rivers, chequers_serial_rivers_micro_c,
          chequers_serial_rivers_large_a, chequers_serial_rivers_micro_d,
          chequers_serial_rivers_small_a, chequers_serial_rivers_marsh,
          chequers_serial_rivers_room_b
D:9:      uniq_erolcha
D:10:     chequers_serial_rivers_micro_d
D:11:     grunt_lair_entry_orc_guard_hut, david_orc_4, uniq_gastronok,
          uniq_psyche, uniq_sonja
Lair:1:   minmay_shattered_shrine, serial_bayou_shore_a
Lair:2:   mu_elephants_graveyard, elwin_shoals_entry_rooms,
          spider_nest_entry_webs, beast_lair_carwin_2
Lair:3:   grunt_megastairs_3, lemuel_fruit_tree
Lair:4:   minivault_26
Lair:5:   minmay_slime_entry_jelly_boxes, minivault_29

Skill      XL: |  1  2  3  4  5  6  7  8  9 10 11 12 13 |
---------------+----------------------------------------+-----
Armour         | 1 2 3 4 5 |  5.0
Fighting       | 4 5 6 7 8 9 10 11 12 | 12.4
Axes           | 5 6 7 8 10 11 13 14 16 17 | 17.9
Shields        | 1 3 4 5 6 8 9 10 | 10.8
Invocations    | 2 4 6 8 10 11 | 11.8
Evocations     | 1 3 5 6 |  6.0
Dodging        | |  2.4
Stealth        | |  1.5

Action                   |  1- 3 |  4- 6 |  7- 9 | 10-12 | 13-15 || total
-------------------------+-------+-------+-------+-------+-------++-------
Melee: Hand axe          |    92 |   125 |   626 |       |       ||   843
       War axe           |       |       |     2 |   538 |   256 ||   796
 Fire: Hunting sling     |    12 |    94 |    17 |    26 |    27 ||   176
Throw: Stone             |       |     6 |       |       |       ||     6
Invok: Upheaval          |       |       |       |     6 |     1 ||     7
       Disaster Area     |       |       |       |       |     2 ||     2
 Abil: Evoke Invisibilit |       |       |     1 |     1 |       ||     2
Evoke: Wand              |       |       |       |     5 |     1 ||     6
  Use: Scroll            |       |       |    11 |     8 |     1 ||    20
       Potion            |       |       |       |     1 |     1 ||     2
 Stab: Sleeping          |     1 |       |       |       |       ||     1
       Invisible         |       |       |       |     3 |       ||     3
  Eat: Chunk             |     2 |     8 |    14 |    15 |    10 ||    49
       Ration            |       |       |     1 |     2 |       ||     3
Armor: Robe              |    16 |       |       |       |       ||    16
       Leather armour    |     2 |    15 |       |       |       ||    17
       Ring mail         |       |     2 |       |       |       ||     2
       Scale mail        |       |    19 |   121 |    81 |    23 ||   244
       Chain mail        |       |       |       |       |    19 ||    19
Dodge: Dodged            |    84 |    46 |    46 |    52 |    17 ||   245
       Deflected         |       |       |       |     1 |     2 ||     3
Block: Large shield      |       |    20 |   447 |   608 |   283 ||  1358
       Reflection        |       |       |     7 |    35 |     2 ||    44

Table legend:
 A = Non-vault XP
 B = Vault XP
 C = Vault XP percentage of total XP
 D = Non-vault monster count
 E = Vault monster count
 F = Vault count percentage of total count
                 A         B        C        D         E       F
            +---------+---------+-------+---------+---------+-------
      Total |   29435 |   22263 |  43.1 |     300 |      87 |  22.5
            +---------+---------+-------+---------+---------+-------
        D:1 |      49 |       8 |  14.0 |      24 |       5 |  17.2
        D:2 |      53 |       0 |   0.0 |      18 |       0 |   0.0
        D:3 |      67 |       0 |   0.0 |      25 |       0 |   0.0
        D:4 |     521 |     705 |  57.5 |      15 |       4 |  21.1
        D:5 |     454 |     375 |  45.2 |      16 |       3 |  15.8
        D:6 |     237 |       0 |   0.0 |      13 |       0 |   0.0
        D:7 |    1171 |     460 |  28.2 |      19 |       1 |   5.0
        D:8 |    2561 |       0 |   0.0 |      31 |       0 |   0.0
        D:9 |    1121 |     973 |  46.5 |      22 |       1 |   4.3
       D:10 |    1056 |     434 |  29.1 |      21 |       1 |   4.5
       D:11 |    2321 |    4111 |  63.9 |      16 |      23 |  59.0
     Lair:1 |    2972 |    3501 |  54.1 |      15 |      11 |  42.3
     Lair:2 |    2365 |    9268 |  79.7 |       9 |      23 |  71.9
     Lair:3 |    9235 |     941 |   9.2 |      33 |       3 |   8.3
     Lair:4 |    4885 |       0 |   0.0 |      22 |       0 |   0.0
     Lair:5 |     367 |    1487 |  80.2 |       1 |      12 |  92.3
            +---------+---------+-------+---------+---------+-------
